 Dungeon Crawl Stone Soup version 0.31-a0-996-g3b49de5836 (webtiles) character file.

Game seed: 5210004373497954820

40487 BinkBink the Fighter (level 13, 0/122 HPs)
             Began as a Minotaur Fighter on Nov 7, 2023.
             Was the Champion of the Shining One.
             Slain by Rupert
             ... wielding a +1 battleaxe of distortion
              (18 damage)
             ... while paralysed by Rupert
             ... on level 2 of the Orcish Mines.
             The game lasted 00:32:26 (19268 turns).

BinkBink the Fighter (Minotaur Fighter)            Turns: 19268, Time: 00:32:27

Health: 0/122      AC: 17    Str: 22    XL:     13   Next: 74%
Magic:  12/12      EV:  2    Int:  5    God:    the Shining One [******]
Gold:   1616       SH:  0    Dex: 23    Spells: 12/12 levels left

rFire   + . .        j - +6 falchion (freeze)
rCold   . . .        X - +0 kite shield
rNeg    + + +        K - +3 scale mail of Ocehem {rF+ Dex+3}
rPois   .            O - +1 hat
rElec   .            (no cloak)
rCorr   .            y - +1 pair of gloves
SInv    .            l - +0 pair of boots
Will    .....        (no amulet)
Stlth   x              - +6 ring of dexterity
HPRegen 0.40/turn    q - +5 ring of evasion
MPRegen 0.13/turn

%: no passive effects
@: confused, paralysed, mighty, glowing
A: horns 2, retaliatory headbutt
a: Renounce Religion, Divine Shield, Cleansing Flame, Summon Divine Warrior,
Brand Weapon With Holy Wrath


You were on level 2 of the Orcish Mines.
You worshipped the Shining One.
The Shining One was exalted by your worship.
You visited 3 branches of the dungeon, and saw 17 of its levels.
You also visited: Ossuary and Bailey.

You collected 1616 gold pieces.

Inventory:

Hand Weapons
 j - a +6 falchion of freezing (weapon)
 H - a +5 heavy long sword
 U - a +1 great sword of flaming
Armour
 l - a +0 pair of boots (worn)
 y - a +1 pair of gloves (worn)
 K - the +3 scale mail of Ocehem (worn) {rF+ Dex+3}
   (You found it on level 9 of the Dungeon)

   Dex+3:     It affects your dexterity (+3).
   rF+:       It protects you from fire.
 O - a +1 hat (worn)
 X - a +0 kite shield (worn)
Jewellery
 q - a +5 ring of evasion (right hand)
 x - a +6 ring of dexterity (left hand)
Wands
 f - a wand of acid (2)
 G - a wand of paralysis (13)
 I - a wand of mindburst (10)
 P - a wand of iceblast (17)
 Q - a wand of flame (9)
Scrolls
 a - a scroll of butterflies
 e - a scroll of fear
 i - 8 scrolls of enchant armour
 k - 2 scrolls of blinking
 p - 4 scrolls of teleportation
 t - 4 scrolls of amnesia
 u - 5 scrolls of enchant weapon
 v - 3 scrolls of noise
 w - 2 scrolls of poison
 E - a scroll of revelation
Potions
 d - 2 potions of might
 h - 2 potions of curing
 m - 2 potions of haste
 n - a potion of mutation
 o - a potion of invisibility {unknown}
 r - a potion of ambrosia {unknown}
 s - 4 potions of degeneration {unknown}
 z - 4 potions of lignification {unknown}
 A - 4 potions of enlightenment {unknown}
 C - 2 potions of brilliance {unknown}
 F - a potion of cancellation {unknown}
 J - a potion of resistance {unknown}
 L - 2 potions of magic {unknown}
 W - a potion of berserk rage {unknown}


   Skills:
 + Level 13.5 Fighting
 + Level 13.1 Long Blades
 + Level 13.4 Armour
 + Level 11.8 Dodging
 + Level 13.4 Shields


You had 12 spell levels left.
You didn't know any spells.
Your spell library contained the following spells:

 Spells                   Type           Power      Damage    Failure   Level
 Kiss of Death            Conj/Necr      0%         2d5       87%         1
 Magic Dart               Conj           0%         1d3       87%         1
 Ensorcelled Hibernation  Hex/Ice        0%         N/A       95%         2
 Jinxbite                 Hex            0%         N/A       95%         2
 Searing Ray              Conj           0%         2d4       95%         2
 Confusing Touch          Hex            0%         N/A       99%         3
 Gell's Gravitas          Tloc           0%         N/A       99%         3
 Ozocubu's Armour         Ice            0%         N/A       99%         3
 Teleport Other           Tloc           0%         N/A       99%         3
 Anguish                  Hex/Necr       0%         N/A       100%        4
 Dispel Undead            Necr           0%         3d6       100%        4
 Fulminant Prism          Conj/Hex       0%         3d5       100%        4
 Manifold Assault         Tloc           0%         N/A       100%        4
 Passage of Golubria      Tloc           0%         N/A       100%        4
 Vhi's Electric Charge    Tloc/Air       0%         N/A       100%        4
 Arcjolt                  Conj/Air       0%         1d10      100%        5
 Metabolic Englaciation   Hex/Ice        0%         N/A       100%        5
 Silence                  Hex/Air        0%         N/A       100%        5
 Dispersal                Tloc           0%         N/A       100%        6
 Simulacrum               Ice/Necr       0%         N/A       100%        6
 Disjunction              Tloc           0%         N/A       100%        8
 Lehudib's Crystal Spear  Conj/Erth      0%         10d2      100%        8
 Maxwell's Capacitive Co  Air            0%         ∞         100%        8


Dungeon Overview and Level Annotations

Branches:
Dungeon (14/15)            Temple (1/1) D:7            Lair (0/5) D:10
    Orc (2/2) D:11         Vaults (0/5) D:13        Ossuary (visited)
 Bailey (visited)
    Elf: Orc:2

Altars:
Ashenzari
Cheibriados
Dithmenos
Elyvilon
Fedhas
Gozag
Hepliaklqana
Kikubaaqudgha
Makhleb
Nemelex Xobeh
Okawaru
Qazlal
Ru
Sif Muna
Trog
Uskayaw
Vehumet
Wu Jian
Xom
Yredelemnul
Zin
The Shining One

Shops:
D:2 :

Annotations:
D:8 2 transporters, mutifu's ghost, journeyman HuBe
Orc:2 Rupert


Innate Abilities, Weirdness & Mutations

You have a pair of horns on your head.
You reflexively headbutt those who attack you in melee.


Message History

You now have 1589 gold pieces (gained 29).
Found a roughly hewn altar of Beogh.
Found a stone staircase leading up.
There is a stone staircase leading up here.
You now have 1616 gold pieces (gained 27).
Rupert the Wild comes into view.
He is wielding a +1 battleaxe of distortion.
Rupert shouts!
You hear a shout! x2
Rupert yells loudly at you.
You are confused.
Rupert yells loudly at you.
You are more confused.
Sweat drips down Rupert's chest.
You're too confused to move!
You feel very mighty all of a sudden. Rupert yells loudly at you.
You are more confused.
You bump into the rock wall.
Rupert hits you with a +1 battleaxe of distortion!
Space warps horribly around you!!
You bump into the rock wall.
Rupert hits you with a +1 battleaxe of distortion!
Space warps horribly around you!
Unknown command.
You bump into the rock wall.
Rupert roars wildly at you.
You are more confused.
Unknown command.
You bump into the rock wall.
Rupert closely misses you.
You bump into the rock wall.
Rupert says, "Strength rules this world!"
Rupert hits you with a +1 battleaxe of distortion!
Space warps horribly around you! Rupert roars wildly at you.
You suddenly lose the ability to move!
Rupert says, "I tear you limb from limb!"
Rupert hits you but does no damage. Space warps horribly around you!!
* * * LOW HITPOINT WARNING * * *
Rupert hits you with a +1 battleaxe of distortion!!
You die...
Rupert roars with triumph.

..#.....# .......## ####
........########..##
..........##.##....##
.....#........##....#
..........##.##.....##
.....#....######<#...######
............###.@....##.#.##
........#....###@..........##
.....#.##...............#...#
....#.##...............#....#
...........................##
.......#...._...............#
............................#
....................##......#
.....................#......#
............................#


You could see Rupert.

Vanquished Creatures
  A sphinx (D:12)
  2 fire giants (D:12)
  A deep elf annihilator (D:12)
  An ettin (Orc:1)
  2 yaktaur captains (D:12)
  A rakshasa (D:12)
  An ice dragon (shapeshifter) (D:12)
  A catoblepas (D:12)
  An ogre mage (D:13)
  6 two-headed ogres
  2 centaur warriors
  2 boulder beetles
  A deep troll earth mage (D:12)
  A death knight (D:14)
  3 tengu warriors
  6 skeletal warriors
  An arcanist (D:12)
  2 ugly things (D:13)
  A deep elf pyromancer (D:13)
  9 cyclopes
  2 manticores
  Maurice (D:11)
  A gargoyle (D:6)
  3 unseen horrors
  2 freezing wraiths (D:14)
  5 trolls
  2 hornets
  2 polar bears (D:12)
  8 slime creatures
  A centaur simulacrum (D:12)
  A vampire (D:12)
  A shadow (D:11)
  A wyvern (D:10)
  9 yaks
  4 wraiths
  A basilisk (D:12)
  2 steam dragons
  2 acid dragons
  3 water moccasins
  4 orc warriors
  4 ice beasts
  2 hornet zombies (Ossuary)
  A black bear (D:6)
  2 wolves (D:10)
  5 centaurs
  3 ogres
  A phantom (D:4)
  10 kobold brigands
  6 bullfrogs
  A water moccasin zombie (Ossuary)
  2 scorpions
  A wyvern zombie (Ossuary)
  6 wights (D:8)
  3 killer bees (D:11)
  10 howler monkeys
  10 electric eels
  2 centaur zombies (Ossuary)
  9 bullfrog zombies (Ossuary)
  9 hounds
  4 jellies
  3 orc priests (D:7)
  2 sleepcaps
  2 iguanas
  10 orc wizards
  4 killer bee zombies (Ossuary)
  14 mummies (Ossuary)
  Robin (D:2)
  A gnoll (D:4)
  2 howler monkey zombies (Ossuary)
  10 adders
  7 white imps
  5 ufetubi
  3 worms
  34 orcs
  10 ball pythons
  3 bats
  9 endoplasms
  A giant cockroach (D:2)
  12 goblins
  11 hobgoblins
  4 jackals
  6 quokkas
  3 frilled lizards (D:2)
  19 kobolds
  9 rats
376 creatures vanquished.

Notes
Turn   | Place    | Note
-------+----------+-------------------------------------------
     0 | D:1      | BinkBink the Minotaur Fighter began the quest for the Orb.
     0 | D:1      | Reached XP level 1. HP: 19/19 MP: 0/0
   151 | D:1      | Reached XP level 2. HP: 25/27 MP: 1/1
   747 | D:2      | Found Ciloiligo's Book Emporium.
   747 | D:2      | Found a shimmering altar of Xom.
   752 | D:2      | Reached XP level 3. HP: 33/33 MP: 2/2
   776 | D:2      | Noticed Robin
   782 | D:2      | Reached skill level 1 in Dodging
   786 | D:2      | Found a faded altar of an unknown god.
   788 | D:2      | Killed Robin
   789 | D:2      | Reached XP level 4. HP: 29/40 MP: 3/3
  1763 | D:3      | Reached XP level 5. HP: 37/47 MP: 4/4
  1806 | D:3      | Identified the +1 robe "Xajesiz" {rC- Regen+ SInv Stlth+}
  1937 | D:3      | Identified the +0 robe of Failure {*Corrode rElec rPois
                  | MP+9 Str+5}
  2301 | D:4      | Noticed a phantom
  2306 | D:4      | Killed a phantom
  2417 | D:4      | Found a glowing golden altar of the Shining One.
  2429 | D:4      | Found a sand-covered staircase.
  2448 | D:4      | Became a worshipper of the Shining One
  2464 | Ossuary  | Entered an ossuary
  2475 | Ossuary  | Reached XP level 6. HP: 18/55 MP: 5/5
  2487 | Ossuary  | Reached skill level 5 in Fighting
  2487 | Ossuary  | Reached skill level 5 in Armour
  2487 | Ossuary  | Reached skill level 5 in Shields
  2551 | Ossuary  | Reached * piety under the Shining One
  2596 | Ossuary  | Reached XP level 7. HP: 21/61 MP: 6/6
  2724 | Ossuary  | Reached skill level 5 in Long Blades
  2859 | Ossuary  | Reached ** piety under the Shining One
  2909 | Ossuary  | Reached XP level 8. HP: 70/70 MP: 7/7
  3532 | D:5      | Entered Level 5 of the Dungeon
  3535 | D:5      | Reached *** piety under the Shining One
  3586 | D:5      | Found a shadowy altar of Dithmenos.
  4234 | D:6      | Reached skill level 5 in Dodging
  4284 | D:6      | Noticed a gargoyle
  4296 | D:6      | Killed a gargoyle
  4344 | D:6      | Found a blossoming altar of Fedhas.
  4347 | D:6      | Found a glowing silver altar of Zin.
  4351 | D:6      | Found a sacrificial altar of Ru.
  4418 | D:6      | Reached XP level 9. HP: 79/79 MP: 8/8
  5648 | D:7      | Reached **** piety under the Shining One
  5780 | D:7      | Found a staircase to the Ecumenical Temple.
  5869 | Temple   | Entered the Ecumenical Temple
  6142 | D:7      | Reached XP level 10. HP: 77/90 MP: 9/9
  6287 | D:8      | Found a sparkling altar of Nemelex Xobeh.
  6365 | D:8      | Found a transporter.
  6371 | D:8      | Found a bloodstained altar of Trog.
  6371 | D:8      | Noticed mutifu's ghost (journeyman HuBe)
  6371 | D:8      | Noticed a moth of wrath
  6372 | D:8      | Found a transporter.
  6599 | D:8      | Found a flagged portal.
  6609 | Bailey   | Entered a bailey
  6802 | Bailey   | Found a bloodstained altar of Trog.
  6832 | Bailey   | Reached ***** piety under the Shining One
  6923 | D:8      | Found a shimmering altar of Xom.
  7491 | D:9      | Noticed a two-headed ogre
  7566 | D:9      | Identified the +3 scale mail of Ocehem {rF+ Dex+3}
  7649 | D:9      | You fall into a shaft and drop 3 floors!
  7835 | D:12     | Noticed a cyclops
  7839 | D:12     | Killed a cyclops
  7950 | D:12     | Noticed a skeletal warrior
  7981 | D:12     | Killed a skeletal warrior
  7982 | D:12     | Reached skill level 10 in Fighting
  7982 | D:12     | Reached skill level 10 in Shields
  7982 | D:12     | Reached XP level 11. HP: 97/99 MP: 10/10
  7991 | D:12     | Noticed a skeletal warrior
  8017 | D:12     | Killed a skeletal warrior
  8018 | D:12     | Reached skill level 10 in Armour
  8112 | D:12     | Noticed a skeletal warrior
  8126 | D:12     | Killed a skeletal warrior
  8399 | D:11     | Noticed Maurice
  8409 | D:10     | Entered Level 10 of the Dungeon
  9321 | D:9      | Noticed a two-headed ogre
  9332 | D:9      | Killed a two-headed ogre
  9333 | D:9      | Reached skill level 10 in Long Blades
  9795 | D:9      | Killed a two-headed ogre
 10114 | D:10     | Found a staircase to the Lair.
 10330 | D:10     | Found a hazy altar of Hepliaklqana.
 10473 | D:10     | Noticed a two-headed ogre
 10480 | D:10     | Killed a two-headed ogre
 11475 | D:11     | Killed Maurice
 11709 | D:11     | Found a staircase to the Orcish Mines.
 11758 | D:11     | Reached XP level 12. HP: 110/110 MP: 11/11
 12832 | D:12     | Noticed a rakshasa
 12847 | D:12     | Killed a rakshasa
 12893 | D:12     | Reached skill level 10 in Dodging
 12898 | D:12     | Noticed a tengu warrior
 12901 | D:12     | Noticed a boulder beetle
 12941 | D:12     | Noticed a tengu warrior
 13472 | D:12     | Killed a tengu warrior
 13839 | D:12     | Noticed a catoblepas
 13839 | D:12     | Noticed a deep troll earth mage
 14044 | D:12     | Noticed a yaktaur captain
 14053 | D:12     | Noticed a centaur warrior
 14066 | D:12     | Killed a centaur warrior
 14133 | D:12     | Noticed a deep elf annihilator
 14133 | D:12     | Noticed a yaktaur captain
 14133 | D:12     | Noticed a sphinx
 14138 | D:12     | Noticed a fire giant
 14138 | D:12     | Noticed a fire giant
 14204 | D:12     | Killed a fire giant
 14212 | D:12     | Killed a fire giant
 14365 | D:12     | Killed a yaktaur captain
 14469 | D:12     | Noticed an alligator
 14480 | D:12     | an alligator changed into an ice dragon
 14480 | D:12     | Noticed an ice dragon (glowing shapeshifter)
 14491 | D:12     | Killed an ice dragon
 14694 | D:12     | Killed a boulder beetle
 14728 | D:12     | Killed a yaktaur captain
 15168 | D:12     | Killed a sphinx
 15348 | D:12     | Killed a catoblepas
 15419 | D:12     | Killed a deep elf annihilator
 15420 | D:12     | Reached XP level 13. HP: 57/119 MP: 12/12
 16291 | D:12     | Identified the +0 scale mail of the Boiling Point {rElec
                  | Stlth+}
 17672 | D:13     | Found a gate to the Vaults.
 18479 | D:14     | Reached ****** piety under the Shining One
 18786 | Orc:1    | Entered Level 1 of the Orcish Mines
 18802 | Orc:1    | Noticed an ettin
 18829 | Orc:1    | Killed an ettin
 19171 | Orc:2    | Identified the "Vakopt"
 19171 | Orc:2    | Entered Level 2 of the Orcish Mines
 19245 | Orc:2    | Noticed Rupert
 19266 | Orc:2    | Paralysed by Rupert for 4 turns
 19268 | Orc:2    | Slain by Rupert

Illustrated notes

Levels and vault maps discovered:
D:1:      dpeg_arrival_prison, layout_loops_ring
D:2:      layout_basic, basic_altar, shapermc_ecumenical_altar_mp_ritualfount,
          serial_shops, nicolae_shop_peninsula, uniq_robin
D:3:      layout_basic, reono_crystal_passage, serial_bayou_pond_d,
          chequers_serial_rivers_small_a, minmay_checkerbox
D:4:      minmay_skewed_foursquare, layout_rooms, tso_oasis_becter,
          nicolae_ossuary_entry_plus, amcnicky_mini_pool_small
D:5:      layout_basic, nicolae_overflow_crystal_walls,
          nicolae_houndstooth_variations
D:6:      minmay_recursive_quarters, layout_loops_corners,
          grunt_temple_overflow_diamond, feat_on_display
D:7:      layout_loops_ring, minmay_temple_entry_overgrown
D:8:      layout_cave_pods, tgw_xom, mainiacjoe_overflow_small_starburst,
          gammafunk_ghost_wrathful_warriors, enter_bailey_2
D:9:      layout_cave_pods
D:10:     layout_layer_cave, amcnicky_altar_gilded, erik_lair_island,
          hex_medium, grunt_ministairs_3, fungi_pond_lemuel, hex_large,
          kennysheep_generic_room_2
D:11:     layout_rooms, orc_0_dummy, uniq_maurice
D:12:     minmay_tile_spiral, layout_rooms, serial_ice, serial_ice_b,
          serial_ice_j, serial_ice_o, serial_ice_m, serial_ice_a, serial_ice_h
D:13:     layout_rooms, david_vaults_2
D:14:     minmay_open_boxes_in_corner, layout_layer_cave,
          serial_co_window_serial, co_window_paths_b,
          co_window_of_opportunity_a, co_window_corner_a, co_window_paths_b,
          co_window_of_opportunity_a, co_window_corner_b, co_window_corner_b,
          co_window_2corner, co_window_broadway_b, co_window_2corner,
          co_window_unsneaky_path_c, co_window_of_opportunity_c,
          glass_columns_b, glass_columns_a, glass_columns_a, glass_columns_b,
          glass_columns_b, drop_trap
Temple:   eino_temple_lava
Orc:1:    layout_diamond_mine
Orc:2:    st_orc_congregation, layout_caves, basic_altar, led_sif_book,
          uniq_nessos, uniq_rupert, uniq_josephine

Skill      XL: |  1  2  3  4  5  6  7  8  9 10 11 12 13 |
---------------+----------------------------------------+-----
Fighting       | 4 5 6 7 8 10 11 12 13 | 13.5
Shields        | 4 5 6 7 8 10 11 12 13 | 13.4
Armour         | 4 5 6 7 8 9 11 12 13 | 13.4
Long Blades    | 3 4 5 6 8 9 10 12 13 | 13.1
Dodging        | 1 2 3 4 5 6 8 9 10 11 | 11.8

Action                     |  1- 3 |  4- 6 |  7- 9 | 10-12 | 13-15 || total
---------------------------+-------+-------+-------+-------+-------++-------
  Melee: Long sword        |    81 |   153 |   288 |    25 |       ||   547
         Headbutt          |     9 |    37 |   103 |   172 |    92 ||   413
         Falchion          |       |       |       |   528 |   254 ||   782
  Throw: Throwing net      |       |       |       |     1 |       ||     1
    Use: Scroll            |       |       |    11 |     1 |    11 ||    23
         Potion            |       |       |       |     5 |     3 ||     8
 Armour: Scale mail        |    59 |    71 |   134 |   272 |    87 ||   623
  Dodge: Dodged            |    39 |    76 |   189 |   312 |   123 ||   739
  Block: Buckler           |    19 |    32 |    94 |   173 |    12 ||   330
         Kite shield       |       |       |       |       |   108 ||   108

Table legend: (Time is in decaauts)
 A = Elapsed time spent in this place.
 B = Non-inter-level travel time spent in this place.
 C = Inter-level travel time spent in this place.
 D = Time resting spent in this place.
 E = Time spent auto-exploring this place.
 F = Levels seen in this place.
 G = Mean time per level.
                   A        B        C        D        E       F      G
               +--------+--------+--------+--------+--------+-----+--------+
         Total |  19216 |  18614 |    602 |   6586 |   8438 |  19 | 1011.4 |
       Dungeon |  17753 |  17178 |    575 |   6054 |   8033 |  14 | 1268.1 |
        Temple |      1 |      1 |      0 |      0 |      0 |   1 |    1.0 |
  Orcish Mines |    475 |    449 |     26 |    199 |    199 |   2 |  237.5 |
       Ossuary |    703 |    703 |      0 |    311 |     68 |   1 |  703.0 |
        Bailey |    282 |    282 |      0 |     22 |    137 |   1 |  282.0 |
               +--------+--------+--------+--------+--------+-----+--------+

Top non-repeatable levels by time:
    D:12: 4866 daAuts
    D:10: 2565 daAuts
    D:13: 1526 daAuts
     D:6: 1410 daAuts
     D:8: 964 daAuts
     D:9: 962 daAuts
    D:11: 948 daAuts
     D:3: 837 daAuts
     D:1: 762 daAuts
     D:7: 716 daAuts
     D:4: 712 daAuts
 Ossuary: 703 daAuts
     D:2: 596 daAuts
     D:5: 595 daAuts
   Orc:1: 379 daAuts
